Match 47516197
Unlisted

Match 47516197
End
Vickers Machine Gun Team
Construct Section Command Post
Selects Air and Sea Battlegroup
Infantry Section
Infantry Section
Construct Field Infirmary
Grenade Package
Construct Platoon Command Post
Selects Commando Section Paradrop
Selects Commando Support Section Paradrop
Commando Section Paradrop
6-pounder Anti-tank Gun Team
Royal Engineer Section
Commando Support Section Paradrop
Construct Company Command Post
Selects Naval Blockade
Selects UNKNOWN (223837)
Centaur IV Medium Tank
Vickers Machine Gun Team
Matilda II Heavy Tank
Selects Anti-tank Rocket Loiter
YouRun
lengfeng988
我先撤你顶上
总座高见
Pudding Astartes
Truhm
Motivated
XeJ.
0
0

Comments sign in to comment!

No comments posted yet!